 Dungeon Crawl Stone Soup version 0.30.0-5-g1a98f26d00 (webtiles) character file.

Game seed: 15868738078354986261

41 Exaltedone87 the Covered (level 3, 0/33 HPs)
             Began as an Armataur Fighter on May 9, 2023.
             Slain by Sigmund
             ... wielding a +1 vampiric scythe
              (7 damage)
             ... on level 3 of the Dungeon.
             The game lasted 00:04:57 (1893 turns).

Exaltedone87 the Covered (Armataur Fighter)         Turns: 1893, Time: 00:04:57

Health: 0/33       AC:  9    Str: 21    XL:     3   Next: 32%
Magic:  3/3        EV: 12    Int:  8    God:
Gold:   144        SH:  4    Dex: 11    Spells: 2/2 levels left

rFire   . . .        a - +0 flail
rCold   . . .        c - +0 buckler
rNeg    . . .        b - +0 scale mail
rPois   .            (no helmet)
rElec   .            (no cloak)
rCorr   .            p - +1 pair of gloves
SInv    .            (no barding)
Will    .....        f - amulet of magic regeneration Stlth
                     i - +5 ring of evasion
HPRegen 0.25/turn    (no ring)
MPRegen 0.48/turn

%: roll
@: no status effects
A: large, rugged brown scales 3, deformed body, armoured tail, roll, long
tongue, awkward tongue
a: no special abilities


You were on level 3 of the Dungeon.
You visited 1 branch of the dungeon, and saw 3 of its levels.

You collected 144 gold pieces.

Inventory:

Hand Weapons
 a - a +0 flail (weapon)
Armour
 b - a +0 scale mail (worn)
 c - a +0 buckler (worn)
 p - a +1 pair of gloves (worn)
Jewellery
 f - an amulet of magic regeneration (around neck)
 i - a +5 ring of evasion (left hand)
 r - a +6 ring of dexterity
Scrolls
 e - 2 scrolls of identify {unknown}
 g - 2 scrolls of silence {unknown}
 k - a scroll of teleportation {unknown}
 n - a scroll of magic mapping {unknown}
 o - 2 scrolls of amnesia {unknown}
 q - a scroll of enchant weapon {unknown}
Potions
 d - a potion of might
 h - 2 potions of haste {unknown}
 j - 2 potions of heal wounds {unknown}
 l - 4 potions of resistance {unknown}
 m - a potion of cancellation {unknown}
 s - a potion of invisibility {unknown}


   Skills:
 + Level 3.0 Fighting
 * Level 2.5 Maces & Flails
 + Level 4.1 Armour
 + Level 3.5 Shields


You had 2 spell levels left.
You didn't know any spells.
Your spell library contained the following spells:

 Spells                   Type           Power      Damage    Failure   Level
 Apportation              Tloc           0%         N/A       80%         1
 Freeze                   Ice            0%         1d3       80%         1
 Cigotuvi's Dreadful Rot  Necr/Pois/Air  0%         N/A       91%         2
 Frozen Ramparts          Ice            0%         1d1       99%         3
 Hailstorm                Conj/Ice       0%         3d3       99%         3
 Ignite Poison            Fire/Tmut/Pois 0%         N/A       99%         3
 Freezing Cloud           Conj/Ice/Air   0%         6-21      100%        5


Dungeon Overview and Level Annotations

Branches:
Dungeon (3/15)

Altars:

Shops:
D:2 [

Annotations:
D:3 Sigmund


Innate Abilities, Weirdness & Mutations

You are completely covered in rugged brown scales. (AC +3, +7% HP)
Armour fits poorly on your strangely shaped body.
You have a long armoured tail.
You roll when moving toward enemies. (Rampage)
Your long tongue fully drains potion bottles. (2x potion effects)
Your tongue gives you trouble enunciating. (1.5x scroll delay)


Message History

You resist with significant effort.
You miss Sigmund.
Sigmund is heavily wounded.
The bat hits you but does no damage. Sigmund hits you but does no damage.
You hit Sigmund but do no damage.
Your tail-slap misses Sigmund.
Sigmund is heavily wounded.
You feel less confused. You block the bat's attack. You block Sigmund's attack.
Unknown command.
You barely miss Sigmund.
Sigmund is heavily wounded.
The bat misses you. The bat closely misses you.
Sigmund hits you but does no damage.
You barely miss Sigmund.
Sigmund is heavily wounded.
The bat hits you but does no damage. The bat misses you.
Sigmund closely misses you.
You barely miss Sigmund.
Sigmund is heavily wounded.
You block the bat's attack. The bat hits you but does no damage.
Sigmund casts a spell.
Sigmund flickers and vanishes!
Deactivating autopickup; reactivate with Ctrl-A.
Unknown command.
Something unexpectedly blocked you, preventing you from rolling!
You miss something. The bat hits you but does no damage. x2
The bat closely misses you. Something hits you!
Something unexpectedly blocked you, preventing you from rolling!
You hit something.
The bat closely misses you. x2; You block the bat's attack.
You hear some strange, mumbled words.
A puff of flame appears from out of thin air!
The puff of flame hits you.
* * * LOW HITPOINT WARNING * * *
Something unexpectedly blocked you, preventing you from rolling!
You miss something. The bat hits you but does no damage. Something hits you.
* * * LOW HITPOINT WARNING * * *
Unknown command.
Something unexpectedly blocked you, preventing you from rolling!
You miss something. The bat misses you. Something hits you!
You die...

# ### .. ..# ..
####<#### #
#>##.......### ...
........ .. ..#
.....##b##.##.####.#
.....b{@...........#
###...#.##.##.###..#
#.$ #.##.##.# #..#
... #.......# #..#
.......###.######..#
.. #. . #.####....#
# #. #......#.## #.
######.#.##.#
#.#.##.#


You could see 2 bats.

Vanquished Creatures
  A worm (D:2)
  An orc (D:3)
  3 ball pythons
  6 endoplasms
  2 giant cockroaches
  3 goblins
  A hobgoblin (D:2)
  2 kobolds (D:2)
  6 quokkas
  3 bats
  3 frilled lizards
  2 rats (D:2)
33 creatures vanquished.

Notes
Turn   | Place    | Note
-------+----------+-------------------------------------------
     0 | D:1      | Exaltedone87 the Armataur Fighter began the quest for the
                  | Orb.
     0 | D:1      | Reached XP level 1. HP: 19/19 MP: 1/1
   276 | D:1      | Reached XP level 2. HP: 11/26 MP: 2/2
  1023 | D:2      | Reached skill level 4 in Armour
  1071 | D:2      | Identified the +1 ring mail "Samnemi" {MP-9 Int+4}
  1141 | D:2      | Found Ziecouw's Antique Armour Boutique.
  1170 | D:2      | Reached XP level 3. HP: 25/32 MP: 3/3
  1242 | D:2      | Found a faded altar of an unknown god.
  1246 | D:2      | Got Plato's Discourse on Peregrination
  1876 | D:3      | Noticed Sigmund
  1893 | D:3      | Slain by Sigmund

Illustrated notes

Levels and vault maps discovered:
D:1:      dpeg_arrival_long_road, layout_basic, minmay_misc_feat_secret_circle,
          minivault_4
D:2:      layout_basic, shapermc_ecumenical_altar_rom_forum, serial_shops, shop
D:3:      layout_loops_ring, uniq_sigmund

Skill      XL: |  1  2  3 |
---------------+----------+-----
Maces & Flails | 2 |  2.5
Armour         | 4 |  4.1
Fighting       | 3 |  3.0
Shields        | |  3.5

Action                     || total
---------------------------++-------
  Melee: Flail             ||   112
         Tailslap          ||    12
 Armour: Scale mail        ||    49
  Dodge: Dodged            ||    58
  Block: Buckler           ||    22
